 Dungeon Crawl Stone Soup version 0.29-a0-330-g52719c12eb (webtiles) character file.

Game seed: 5768994971704181616

198043 Seraphu the Spry (level 18, -2/70 (101) HPs)
             Began as a Spriggan Hunter on May 30, 2022.
             Was the Champion of Zin.
             Slain by a +4 vampiric hand axe (14 damage)
             ... in a wizard's laboratory.
             The game lasted 01:45:43 (26047 turns).

Seraphu the Spry (Spriggan Hunter)                 Turns: 26047, Time: 01:45:44

HP:   -2/70 (101)   AC:  9    Str:  7    XL:     18   Next: 20%
MP:   28/28         EV: 48    Int: 11    God:    Zin [******]
Gold: 1996          SH:  0    Dex: 32    Spells: 17/17 levels left

rFire   . . .      SeeInvis +   D - +4 dagger (flame)
rCold   . . .      Faith    .   (no shield)
rNeg    . . .      Spirit   .   E - +2 robe {Will+}
rPois   .          Reflect  .   L - +2 hat
rElec   .          Harm     .   B - +2 cloak
rCorr   .          Rampage  .   (gloves unavailable)
Will    ++++.                   (boots unavailable)
Stlth   +++.......              p - amulet of regeneration
HPRegen 1.01/turn               h - +6 ring of dexterity
MPRegen 0.21/turn               v - +4 ring of slaying

@: on berserk cooldown, slowed, very heavily drained, quick
A: very small, no large weapons, unfitting armour, see invisible, speed 3
a: Renounce Religion, Recite, Vitalisation, Imprison, Sanctuary, Donate Gold


You were in a wizard's laboratory.
You worshipped Zin.
Zin was exalted by your worship.
You visited 4 branches of the dungeon, and saw 26 of its levels.
You also visited: Wizlab.

You collected 2990 gold pieces.
You spent 880 gold pieces at shops.
You donated 114 gold pieces to Zin.

Inventory:

Hand Weapons
 a - a +6 shortbow of electrocution
 j - a +1 vampiric quick blade
 D - a +4 dagger of flaming (weapon)
 K - the +8 war axe of Gutroat {elec, *Rage rF- rN+++ SInv}
   (You found it on level 10 of the Dungeon)

   It occasionally discharges a powerful burst of electricity upon striking a
   foe.
   rF:        It makes you vulnerable to fire.
   rN:        It renders you almost immune to negative energy.
   SInv:      It lets you see invisible.
   *Rage:     It berserks you when you make melee attacks (+20% chance).
 P - the +5 trident "Fyllaav" {vorpal, rPois rF+ Dex+9}
   (You found it on level 2 of the Lair of Beasts)

   It inflicts extra damage upon your enemies.
   Dex:       It affects your dexterity (+9).
   rF:        It protects you from fire.
   rPois:     It protects you from poison.
 W - a +2 rapier of speed
 X - a +1 rapier of electrocution
Missiles
 G - 2 curare-tipped darts
 N - 3 throwing nets
Armour
 B - a +2 cloak (worn)
 E - a +2 robe of willpower (worn)
 L - a +2 hat (worn)
 Z - a +0 troll leather armour
Jewellery
 h - a +6 ring of dexterity (left hand)
 p - an amulet of regeneration (around neck)
 v - a +4 ring of slaying (right hand)
 A - a +6 ring of strength
 I - an amulet of reflection
Wands
 m - a wand of acid (12)
 u - a wand of charming (7)
 w - a wand of mindburst (41)
 z - a wand of paralysis (2)
 F - a wand of flame (4)
 H - a wand of digging (11)
Scrolls
 b - 3 scrolls of holy word
 c - 5 scrolls of immolation
 e - a scroll of silence
 f - 4 scrolls of amnesia
 i - 3 scrolls of vulnerability
 l - 19 scrolls of teleportation
 n - 2 scrolls of magic mapping
 s - 6 scrolls of fog
 y - 4 scrolls of enchant armour
 C - 4 scrolls of fear
 S - 3 scrolls of blinking
 Y - a scroll of summoning
Potions
 d - a potion of cancellation
 g - a potion of berserk rage
 k - 3 potions of haste
 o - 4 potions of ambrosia
 q - 8 potions of curing
 r - 9 potions of attraction
 t - 2 potions of resistance
 x - 5 potions of heal wounds
 J - 3 potions of brilliance
 O - 6 potions of magic
 Q - 3 potions of mutation
 T - 3 potions of might
 V - a potion of invisibility
Miscellaneous
 R - a phantom mirror (inert)
 U - a phantom mirror (inert)


   Skills:
 + Level 13.9 Fighting
 - Level 10.0 Short Blades
 - Level 16.0 Bows
 + Level 20.7 Dodging
 - Level 1.5 Stealth
 - Level 12.0 Invocations
 - Level 16.0 Evocations


You had 17 spell levels left.
You didn't know any spells.
Your spell library contained the following spells:

 Spells                   Type           Power      Damage    Failure   Level
 Magic Dart               Conj           0%         1d3       34%         1
 Sting                    Tmut/Pois      0%         1d3       34%         1
 Summon Small Mammal      Summ           0%         N/A       34%         1
 Blink                    Tloc           0%         N/A       47%         2
 Call Imp                 Summ           0%         N/A       47%         2
 Corpse Rot               Necr/Air       0%         N/A       47%         2
 Ensorcelled Hibernation  Hex/Ice        0%         N/A       47%         2
 Poisonous Vapours        Pois/Air       0%         N/A       47%         2
 Scorch                   Fire           0%         2d5       47%         2
 Static Discharge         Conj/Air       0%         N/A       47%         2
 Confusing Touch          Hex            0%         N/A       71%         3
 Gell's Gravitas          Tloc           0%         N/A       71%         3
 Lesser Beckoning         Tloc           0%         N/A       71%         3
 Mephitic Cloud           Conj/Pois/Air  0%         N/A       71%         3
 Portal Projectile        Hex/Tloc       0%         N/A       71%         3
 Spider Form              Tmut/Pois      0%         N/A       71%         3
 Summon Guardian Golem    Hex/Summ       0%         N/A       71%         3
 Teleport Other           Tloc           0%         N/A       71%         3
 Anguish                  Hex/Necr       0%         N/A       98%         4
 Flame Wave               Conj/Fire      0%         2d4       98%         4
 Leda's Liquefaction      Hex/Erth       0%         N/A       98%         4
 Olgreb's Toxic Radiance  Pois           0%         N/A       98%         4
 Passage of Golubria      Tloc           0%         N/A       98%         4
 Alistair's Intoxication  Tmut/Pois      0%         N/A       100%        5
 Blade Hands              Tmut           0%         N/A       100%        5
 Borgnjor's Vile Clutch   Necr/Erth      0%         N/A       100%        5
 Excruciating Wounds      Necr           0%         N/A       100%        5
 Freezing Cloud           Conj/Ice/Air   0%         6-21      100%        5
 Lee's Rapid Deconstruct  Erth           0%         3d5*      100%        5
 Lightning Bolt           Conj/Air       0%         1d11      100%        5
 Manifold Assault         Tloc           0%         N/A       100%        5
 Silence                  Hex/Air        0%         N/A       100%        5
 Yara's Violent Unravell  Hex/Tmut       0%         3d3       100%        5
 Dispersal                Tloc           0%         N/A       100%        6
 Eringya's Noxious Bog    Tmut/Pois      0%         N/A       100%        6
 Iron Shot                Conj/Erth      0%         9d1       100%        6
 Simulacrum               Ice/Necr       0%         N/A       100%        6
 Statue Form              Tmut/Erth      0%         N/A       100%        6
 Summon Cactus Giant      Summ           0%         N/A       100%        6
 Enfeeble                 Hex            0%         N/A       100%        7
 Orb of Destruction       Conj           0%         9d5       100%        7
 Spellforged Servitor     Conj/Summ      0%         N/A       100%        7
 Disjunction              Tloc           0%         N/A       100%        8
 Lehudib's Crystal Spear  Conj/Erth      0%         10d2      100%        8
 Maxwell's Capacitive Co  Air            0%         ∞         100%        8
 Polar Vortex             Ice            0%         N/A       100%        9


Dungeon Overview and Level Annotations

Branches:
Dungeon (15/15)            Temple (0/1) D:4            Lair (6/6) D:9
  Swamp (0/4) Lair:4       Spider (0/4) Lair:2        Slime (0/5) Lair:6
    Orc (2/2) D:10            Elf (3/3) Orc:2        Vaults (0/5) D:13
 Depths (0/4) D:15         WizLab (1/1)

Altars:
Cheibriados
Kikubaaqudgha
Nemelex Xobeh
Okawaru
Uskayaw
Vehumet
Zin
Jiyva

Shops:
D:2 [   D:3 *   D:4 [   D:7 ?   D:10 [   Orc:2 *[:?=   Elf:1 ==:   Elf:3 *

Portals:
Trove: D:12 (give +5 demon blade)


Innate Abilities, Weirdness & Mutations

You are very small and have problems with some larger weapons.
You are too small for most types of armour.
You have supernaturally acute eyesight. (SInv)
You cover ground extremely quickly. (Speed+++)


Message History

The strange machine is severely damaged.
The +4 vampiric hand axe completely misses you.
You hit the strange machine.
The strange machine is severely damaged.
The +4 vampiric hand axe hits you.
The +2 glaive of freezing barely misses you.
The +4 vampiric hand axe misses you.
The +3 long sword of holy wrath completely misses you.
The +4 vampiric hand axe misses you.
You puncture the strange machine!
The strange machine is almost destroyed.
You hit the strange machine.
The strange machine is almost destroyed.
The +4 vampiric hand axe misses you.
The +4 vampiric hand axe completely misses you.
The +3 long sword of holy wrath hits you.
The +2 glaive of freezing misses you.
You puncture the strange machine! You burn the strange machine.
You destroy the strange machine!
Seraphu's illusion shimmers and vanishes!
The +4 vampiric hand axe completely misses you.
The +4 vampiric hand axe completely misses you. x2
You feel a strong urge to attack something.
You are no longer berserk.
You are exhausted.
You feel yourself slow down.
The +4 vampiric hand axe completely misses you.
The +4 vampiric hand axe attacks as you move away!
The +4 vampiric hand axe completely misses you. x2
The +4 vampiric hand axe hits you.
The +4 vampiric hand axe closely misses you.
The +4 vampiric hand axe completely misses you. x2
The +4 vampiric hand axe completely misses you.
The +4 vampiric hand axe closely misses you.
The +4 vampiric hand axe attacks as you move away!
The +4 vampiric hand axe hits you!
* * * LOW HITPOINT WARNING * * *
The +4 vampiric hand axe shimmers and vanishes!
The +4 vampiric hand axe hits you!
You die...

###.)#.........#..###
###..###.....###..###
##...###.....###...##
##...###.....###...##
##..@###).⌠..###...##
##...###.....###...##
##)..###.....###...##
##)..###)....###...##
##...#..R)..(@.#...##
##...).##(##.....##
##''####.(.####''#
##..###...(.###..##
##...###..⌠..###...##
##..####..(..####..##
##...#####...#####...##
##..⌠..# ###.###
#..⌠..## ##.....##
#...## ##.....#


You could see a rakshasa and 5 dancing weapons.

Vanquished Creatures
  Jorgrun (Elf:2)
  Agnes (Elf:2)
  A strange machine (WizLab)
  An orc warlord (Orc:1)
  A deep elf sorcerer (Elf:1)
  A deep elf demonologist (Elf:2)
  2 deep elf death magi
  2 ice dragons
  6 rakshasas (WizLab)
  An ogre mage (D:14)
  8 hydras
  8 vault guards
  2 boulder beetles (D:13)
  2 death knights
  9 centaur warriors
  Erica (D:7)
  4 catoblepae
  31 dancing weapons
  7 two-headed ogres
  13 death yaks
  A tengu warrior (D:14)
  14 deep elf knights
  An orc high priest (Orc:2)
  Amaemon (D:9)
  13 skeletal warriors
  Nergalle (D:12)
  A wizard (D:13)
  A bog body (Lair:4)
  19 deep elf pyromancers
  12 deep elf archers
  Pikel (D:4)
  18 deep elf zephyrmancers
  2 lindwurms (Lair:6)
  4 orc knights
  An orc sorcerer (Orc:2)
  9 cyclopes
  19 ugly things
  11 elephants
  6 manticores
  A torpor snail (Lair:6)
  4 black mambas
  An orange demon (D:9)
  2 kobold demonologists
  14 cane toads
  An unseen horror (D:13)
  A rime drake (Lair:2)
  2 gargoyles
  9 komodo dragons
  3 efreet
  2 freezing wraiths (D:15)
  2 tengu conjurers
  8 trolls
  A polar bear (Lair:3)
  A wind drake (shapeshifter) (D:14)
  A hornet (Lair:1)
  Grinder (D:6)
  10 blink frogs
  A slime creature (D:13)
  6 dream sheep
  Sigmund (D:6)
  2 air elementals (Elf:1)
  A jumping spider (Lair:2)
  A water elemental (Elf:2)
  A shadow (D:10)
  9 wyverns
  A spriggan (Lair:1)
  2 vampires
  5 wraiths
  Grum (D:9)
  26 yaks
  3 steam dragons
  6 basilisks
  Eustachio (D:4)
  A fire elemental (Elf:2)
  4 vampire mosquitoes (D:11)
  A swamp worm (Lair:4)
  Edmund (D:6)
  Menkaure (D:4)
  6 wargs
  3 acid dragons
  Duvessa (D:4)
  12 water moccasins
  2 floating eyes (D:13)
  37 orc warriors
  10 ogres
  3 black bears
  A sky beast (D:5)
  51 wolves
  16 centaurs
  2 kobold brigands
  A phantom (D:7)
  13 bullfrogs
  An earth elemental (Elf:2)
  3 necrophages
  3 scorpions
  Blork the orc (D:4)
  3 gnoll sergeants (D:9)
  3 wights (D:8)
  Dowan (D:4)
  12 killer bees
  7 howler monkeys
  An electric eel (Lair:4)
  13 hounds
  2 jellies (D:5)
  3 gnoll shamans (D:9)
  16 orc priests
  4 iguanas
  9 orc wizards
  Natasha (twice) (D:2)
  15 hell rats
  Robin (D:2)
  20 gnolls
  7 adders
  4 river rats (D:9)
  A shadow imp (D:6)
  A white imp (D:7)
  An ufetubus (D:5)
  6 worms
  A dart slug (D:1)
  65 orcs
  4 bats
  11 endoplasms
  6 giant cockroaches
  11 goblins
  5 hobgoblins
  17 jackals
  13 kobolds
  2 quokkas (D:2)
  8 ball pythons
  6 frilled lizards
  10 rats
  A spectral goblin (D:1)
834 creatures vanquished.

Vanquished Creatures (others)
  A water moccasin (Lair:6)
  16 fungi
  20 plants
37 creatures vanquished.

Grand Total: 871 creatures vanquished

Notes
Turn   | Place    | Note
-------+----------+-------------------------------------------
     0 | D:1      | Seraphu the Spriggan Hunter began the quest for the Orb.
     0 | D:1      | Reached XP level 1. HP: 10/10 MP: 2/2
    46 | D:1      | Reached skill level 5 in Bows
   250 | D:1      | Reached skill level 3 in Dodging
   250 | D:1      | Reached XP level 2. HP: 15/15 MP: 3/3
   493 | D:1      | Found a faded altar of an unknown god.
   561 | D:1      | Prayed at the altar of an unknown god.
   561 | D:1      | Became a worshipper of Zin the Law-Giver
   561 | D:1      | Reached * piety under Zin
   887 | D:1      | Reached ** piety under Zin
  1279 | D:2      | Reached XP level 3. HP: 16/18 MP: 4/4
  1336 | D:2      | Noticed Natasha
  1366 | D:2      | Killed Natasha
  1367 | D:2      | Reached XP level 4. HP: 9/23 MP: 5/5
  1724 | D:2      | Found Qecrohih's Armour Boutique.
  1853 | D:2      | Noticed Robin
  1856 | D:2      | Killed Robin
  1923 | D:2      | Reached skill level 4 in Dodging
  2028 | D:2      | Noticed Natasha
  2039 | D:2      | Killed Natasha
  2040 | D:2      | Reached XP level 5. HP: 18/27 MP: 6/6
  2297 | D:3      | Found Maixto's Assorted Antiques.
  2305 | D:3      | Bought a scroll labelled HONKEE RACUI for 19 gold pieces
  2305 | D:3      | Bought a scroll labelled HILUAJ RIACZY for 19 gold pieces
  2305 | D:3      | Bought a scroll labelled JURILI NEUXU for 19 gold pieces
  2305 | D:3      | Bought a scroll labelled OVYMMO KAWU for 19 gold pieces
  2516 | D:3      | Found a snail-covered altar of Cheibriados.
  2521 | D:3      | Found an ancient bone altar of Kikubaaqudgha.
  2922 | D:4      | Noticed Eustachio
  3040 | D:4      | Reached XP level 6. HP: 32/32 MP: 7/7
  3071 | D:4      | Found a staircase to the Ecumenical Temple.
  3137 | D:4      | Noticed Blork the orc
  3143 | D:4      | Killed Blork the orc
  3188 | D:4      | Reached skill level 5 in Dodging
  3211 | D:4      | Noticed Duvessa
  3213 | D:4      | Noticed Dowan
  3215 | D:4      | Noticed Menkaure
  3226 | D:4      | Noticed an orc warrior
  3239 | D:4      | Killed Duvessa
  3264 | D:4      | Killed Menkaure
  3264 | D:4      | Reached *** piety under Zin
  3265 | D:4      | Reached XP level 7. HP: 26/36 MP: 8/8
  3300 | D:4      | Killed Dowan
  3325 | D:4      | Found Follasin's Armour Shoppe.
  3486 | D:4      | Noticed Pikel
  3507 | D:4      | Killed Pikel
  3508 | D:4      | Reached skill level 6 in Dodging
  3508 | D:4      | Reached XP level 8. HP: 37/42 MP: 9/9
  3643 | D:4      | Killed Eustachio
  3644 | D:4      | Reached skill level 7 in Dodging
  3998 | D:5      | Entered Level 5 of the Dungeon
  4007 | D:5      | Reached skill level 10 in Bows
  4527 | D:5      | Reached skill level 5 in Fighting
  4527 | D:5      | Found a hide-covered altar of Uskayaw.
  4535 | D:5      | Reached skill level 8 in Dodging
  4925 | D:6      | Reached XP level 9. HP: 47/47 MP: 10/10
  4988 | D:6      | Noticed Edmund
  5004 | D:6      | Killed Edmund
  5128 | D:6      | Noticed Sigmund
  5131 | D:6      | Killed Sigmund
  5133 | D:6      | Noticed Grinder
  5182 | D:6      | Killed Grinder
  5545 | D:6      | Found a sparkling altar of Nemelex Xobeh.
  5685 | D:7      | Reached skill level 1 in Short Blades
  5690 | D:7      | Reached skill level 9 in Dodging
  5793 | D:7      | Found Gienon's Magic Scroll Shop.
  5803 | D:7      | Bought 3 scrolls of identify for 96 gold pieces
  5812 | D:7      | Reached **** piety under Zin
  5926 | D:7      | Found an iron altar of Okawaru.
  6369 | D:8      | Noticed Erica
  6382 | D:7      | HP: 3/72 [Erica/+3 scimitar of flaming (2)]
  6385 | D:7      | Killed Erica
  6386 | D:7      | Reached XP level 10. HP: 3/53 MP: 11/11
  6388 | D:7      | HP: 3/79 [poisoned by Erica (bolt of poison)]
  6391 | D:7      | HP: 1/53 [poisoned by Erica (bolt of poison)]
  6529 | D:8      | Reached ***** piety under Zin
  7003 | D:9      | Reached skill level 10 in Dodging
  7038 | D:9      | Noticed a death yak
  7144 | D:9      | Found a staircase to the Lair.
  7155 | D:9      | Noticed a death yak
  7172 | D:9      | Noticed Amaemon
  7191 | D:9      | Noticed a death yak
  7342 | D:8      | Killed a death yak
  7574 | D:9      | Noticed Grum
  7582 | D:9      | Killed Grum
  7633 | D:9      | Reached skill level 5 in Short Blades
  7670 | D:9      | Reached ****** piety under Zin
  7804 | D:9      | Noticed an orange demon
  7843 | D:9      | Killed an orange demon
  7867 | D:9      | Killed Amaemon
  7868 | D:9      | Reached skill level 11 in Dodging
  7868 | D:9      | Reached XP level 11. HP: 58/58 MP: 12/12
  8037 | D:8      | Killed a death yak
  8104 | D:8      | Killed a death yak
  8165 | D:10     | Entered Level 10 of the Dungeon
  8165 | D:10     | Found a staircase to the Orcish Mines.
  8165 | D:10     | Found Tiepn's Armour Shoppe.
  8280 | D:10     | Identified the +8 war axe of Gutroat {elec, *Rage rF- rN+++
                  | SInv}
  8321 | D:10     | Bought a +2 hat for 208 gold pieces
  8492 | D:10     | Reached skill level 15 in Bows
  8574 | D:10     | Noticed a two-headed ogre
  8587 | D:10     | Killed a two-headed ogre
  8627 | D:10     | Found a radiant altar of Vehumet.
  9012 | Lair:1   | Entered Level 1 of the Lair of Beasts
  9320 | Lair:1   | Noticed a seven-headed hydra
  9355 | Lair:1   | Killed a seven-headed hydra
  9479 | Lair:1   | Noticed a spriggan rider
  9481 | Lair:1   | Reached skill level 12 in Dodging
  9900 | Lair:1   | Reached XP level 12. HP: 64/64 MP: 13/13
 10037 | Lair:2   | Noticed a four-headed hydra
 10057 | Lair:1   | Killed a four-headed hydra
 10201 | Lair:2   | Identified the +5 trident "Fyllaav" {vorpal, rPois rF+
                  | Dex+9}
 10268 | Lair:2   | Reached skill level 1 in Evocations
 10299 | Lair:2   | Reached skill level 1 in Invocations
 10422 | Lair:2   | Found a hole to the Spider Nest.
 10806 | Lair:3   | Reached skill level 13 in Dodging
 12094 | Lair:4   | Identified the +0 plate armour "Hizurr" {rPois rC++ Dex-4
                  | SInv}
 12327 | Lair:4   | Reached skill level 10 in Short Blades
 12441 | Lair:4   | Reached skill level 5 in Evocations
 12441 | Lair:4   | Reached XP level 13. HP: 70/70 MP: 16/16
 12445 | Lair:4   | Found a staircase to the Swamp.
 13074 | Lair:5   | Identified the +5 trident "Rummage" {drain, rPois rC- Str+3
                  | Int+7}
 13243 | Lair:5   | Reached skill level 14 in Dodging
 13382 | Lair:6   | Entered Level 6 of the Lair of Beasts
 13501 | Lair:6   | Reached skill level 5 in Invocations
 13881 | Lair:6   | Reached skill level 15 in Dodging
 14097 | Lair:6   | Found a viscous altar of Jiyva.
 14097 | Lair:6   | Found a staircase to the Slime Pits.
 14133 | Lair:6   | Reached skill level 10 in Fighting
 14365 | Lair:6   | Reached XP level 14. HP: 77/77 MP: 20/20
 15397 | D:11     | Reached skill level 10 in Evocations
 15897 | D:12     | Noticed Nergalle
 15910 | D:12     | Killed Nergalle
 15911 | D:12     | Reached skill level 16 in Dodging
 15933 | D:12     | Found a portal to a secret trove of treasure.
 16898 | D:13     | Found a gate to the Vaults.
 17619 | D:13     | Reached XP level 15. HP: 83/83 MP: 22/22
 17767 | D:14     | Reached skill level 17 in Dodging
 17990 | D:14     | Identified the +6 scale mail of the Stars {Int+4 Dex-3
                  | Slay+3}
 19141 | D:15     | Entered Level 15 of the Dungeon
 19572 | D:15     | Reached skill level 10 in Invocations
 20095 | D:15     | Reached skill level 18 in Dodging
 20229 | D:15     | Found a staircase to the Depths.
 20651 | Orc:1    | Entered Level 1 of the Orcish Mines
 20781 | Orc:2    | Entered Level 2 of the Orcish Mines
 20803 | Orc:1    | Noticed an orc warlord
 20896 | Orc:1    | Killed an orc warlord
 21132 | Orc:2    | Found a staircase to the Elven Halls.
 21340 | Orc:2    | Found Wykhucw's Magic Scroll Shoppe.
 21340 | Orc:2    | Found Liteiroi's Book Shop.
 21342 | Orc:2    | Found Woun's Armour Boutique.
 21344 | Orc:2    | Found Wexziowk's Jewellery Emporium.
 21411 | Orc:2    | Bought a scroll of holy word for 75 gold pieces
 21411 | Orc:2    | Bought a scroll of teleportation for 30 gold pieces
 21411 | Orc:2    | Bought a scroll of teleportation for 30 gold pieces
 21411 | Orc:2    | Bought a scroll of teleportation for 30 gold pieces
 21411 | Orc:2    | Bought a scroll of enchant weapon for 75 gold pieces
 21411 | Orc:2    | Bought a scroll of magic mapping for 35 gold pieces
 21481 | Orc:2    | Found Yvywuphono's General Store.
 21510 | Orc:2    | Bought a potion of heal wounds for 90 gold pieces
 21510 | Orc:2    | Bought a scroll of enchant weapon for 135 gold pieces
 22175 | Orc:1    | Reached XP level 16. HP: 89/89 MP: 24/24
 22313 | Elf:1    | Entered Level 1 of the Elven Halls
 22377 | Elf:1    | HP: 4/90 [deep elf archer/arrow (13)]
 23022 | Elf:1    | Got Sirchopsa's Catalogue of Conjuration and Calling
 23268 | Elf:1    | Reached skill level 19 in Dodging
 23377 | Elf:1    | Found Ceaf's Book Shop.
 23378 | Elf:1    | Found Juehog's Jewellery Shoppe.
 23378 | Elf:1    | Found Ebutso's Jewellery Shoppe.
 23511 | Elf:2    | Noticed a Brimstone Fiend
 23512 | Elf:2    | Noticed an Executioner
 23585 | Elf:2    | Found a runed translucent gate.
 23585 | Elf:2    | Found a runed translucent gate.
 23585 | Elf:2    | Found a runed translucent gate.
 23722 | Elf:2    | Identified the +10 great sword of Aptuudos {venom, rF+
                  | Int+2}
 23827 | Elf:2    | Reached skill level 15 in Evocations
 23857 | Elf:2    | Noticed Jorgrun
 23871 | Elf:2    | Killed Jorgrun
 24601 | Elf:2    | Noticed Agnes
 24646 | Elf:2    | Killed Agnes
 24656 | Elf:2    | Reached XP level 17. HP: 95/95 MP: 26/26
 24756 | Elf:2    | Reached skill level 20 in Dodging
 24955 | Elf:2    | Reached XP level 18. HP: 75/100 MP: 27/27
 25134 | Elf:3    | Entered Level 3 of the Elven Halls
 25145 | Elf:3    | Found Nuvaquq's Needful Niceties.
 25269 | Elf:3    | Found a magical portal.
 25272 | WizLab   | Entered Tukima's Studio
 25480 | WizLab   | Noticed Seraphu's illusion
 25642 | WizLab   | Noticed Seraphu's illusion
 26047 | WizLab   | Slain by a +4 vampiric hand axe

Illustrated notes

Levels and vault maps discovered:
D:1:      sevenhm_arrival_forest_fort_small_3, layout_basic,
          dreamdust_ecumenical_altar_drowned_temple
D:2:      layout_basic, serial_shops, nicolae_shop_behind_doors,
          minmay_randomly_rotated_circles, uniq_robin, uniq_natasha
D:3:      layout_rooms, minitemple, serial_shops, nicolae_shop_waterfront
D:4:      layout_basic, temple_statues, serial_shops, shop,
          kennysheep_generic_room_4, uniq_blork_the_orc, uniq_eustachio,
          uniq_pikel, uniq_menkaure, uniq_duvessa
D:5:      layout_basic, mainiacjoe_overflow_small_starburst, serial_curves,
          eino_curves_01, eino_curves_01, eino_curves_02,
          amcnicky_mini_pool_small
D:6:      layout_loops_ring, lemuel_coloured_pillars_altar, uniq_grinder,
          uniq_sigmund, uniq_edmund
D:7:      layout_loops_ring, kennysheep_mini_moat, serial_shops, shop
D:8:      layout_rooms, uniq_erica
D:9:      layout_big_octagon, dpeg_lair_monsters, serial_gnoll_camp,
          gnoll_camp_mini_house, gnoll_camp_mini_hut, grums_kennel,
          gnoll_camp_huts_basic, gnoll_camp_mini_basic, uniq_amaemon
D:10:     layout_basic, nicolae_vehumet_radiance, orc_david_3, grunt_ogre_cave,
          billiards_dpeg
D:11:     layout_loops_ring
D:12:     layout_gridville, nicolae_trove_entry_crystal, minivault_26,
          uniq_nergalle
D:13:     layout_long_grid, erik_vaults_2, onia_ninara_cookie
D:14:     layout_loops_ring, chequers_serial_rivers_micro_c,
          hangedman_decor_diamond_cutter, lemuel_flamethrower_3
D:15:     grunt_enter_depths_hoard, layout_stronghold,
          hangedman_decor_clover_reticule
Lair:1:   wander_river, layout_loops_ring, grunt_forest_large_clearings
Lair:2:   layout_concentric_octagons, spider_nest_entry_a, grunt_megastairs_1
Lair:3:   layout_long_grid, st_stairs_12
Lair:4:   layout_long_grid, nicolae_swamp_entry_splash_gauntlet
Lair:5:   layout_cave_pods, grunt_megastairs_2, infiniplex_staircase_pool_2
Lair:6:   hangedman_lair_in_review, layout_hall_layers, slime_altar_1,
          grunt_megastairs_4
Orc:1:    layout_diamond_mine
Orc:2:    st_orc_rangers, layout_caves, serial_shops, shop
Elf:1:    layout_rooms, minmay_elf_sorcery, minmay_shop_grove
Elf:2:    elven_hall_of_blades_hangedman_original [nicolae_blade_lattice],
          layout_onion_city, uniq_jorgrun, uniq_agnes
Elf:3:    minmay_elf_hall_four_x, layout_gridlike, serial_shops,
          nicolae_lakefront_shop, mu_enter_wizlab_7, nicolae_alphabet_shops
WizLab:   wizlab_tukima

Skill      XL: |  1  2  3  4  5  6  7  8  9 10 11 12 13 14 15 16 17 18 |
---------------+-------------------------------------------------------+-----
Bows           | 5 6 7 8 9 11 12 14 16 | 16.0
Dodging        | 3 4 5 6 8 9 11 12 13 15 16 18 19 20 | 20.7
Fighting       | 2 3 4 5 6 7 8 9 10 11 12 13 | 13.9
Short Blades   | 3 5 7 10 | 10.0
Evocations     | 5 8 11 13 15 16 | 16.0
Invocations    | 3 6 8 10 11 12 | 12.0
Stealth        | |  1.5

Action                   |  1- 3 |  4- 6 |  7- 9 | 10-12 | 13-15 | 16-18 || total
-------------------------+-------+-------+-------+-------+-------+-------++-------
Melee: Dagger            |     8 |    34 |    97 |   249 |       |    81 ||   469
       Punch             |       |       |     1 |     7 |       |     2 ||    10
       Rapier            |       |       |       |       |       |     2 ||     2
 Fire: Shortbow          |    69 |   168 |   277 |   937 |  1845 |   783 ||  4079
Throw: Dart              |       |     2 |       |       |       |       ||     2
Evoke: Wand              |       |     4 |       |       |       |    12 ||    16
       Phantom mirror    |       |       |       |       |       |     1 ||     1
  Use: Scroll            |       |     8 |    10 |     3 |    14 |     4 ||    39
       Potion            |       |       |     1 |     2 |       |     3 ||     6
 Stab: Sleeping          |       |       |       |     1 |       |       ||     1
Armor: Robe              |     1 |     3 |     7 |    38 |    29 |     7 ||    85
Dodge: Dodged            |    22 |    50 |   179 |   623 |   603 |   455 ||  1932

Table legend: (Time is in decaauts)
 A = Elapsed time spent in this place.
 B = Non-inter-level travel time spent in this place.
 C = Inter-level travel time spent in this place.
 D = Time resting spent in this place.
 E = Time spent auto-exploring this place.
 F = Levels seen in this place.
 G = Mean time per level.
                   A        B        C        D        E       F      G
               +--------+--------+--------+--------+--------+-----+--------+
         Total |  17605 |  16790 |    815 |    398 |  10432 |  27 |  652.0 |
       Dungeon |  10029 |   9507 |    522 |    244 |   6193 |  15 |  668.6 |
          Lair |   3893 |   3712 |    181 |      7 |   2480 |   6 |  648.8 |
  Orcish Mines |   1460 |   1387 |     73 |     65 |    779 |   2 |  730.0 |
   Elven Halls |   1706 |   1669 |     37 |     35 |    925 |   3 |  568.7 |
        Wizlab |    515 |    515 |      0 |     47 |     53 |   1 |  515.0 |
               +--------+--------+--------+--------+--------+-----+--------+

Top non-repeatable levels by time:
   Orc:2: 1065 daAuts
   Elf:2: 1049 daAuts
    D:14: 998 daAuts
  Lair:6: 970 daAuts
    D:15: 914 daAuts
     D:2: 896 daAuts
    D:13: 819 daAuts
     D:1: 817 daAuts
     D:4: 769 daAuts
  Lair:1: 732 daAuts
  Lair:4: 694 daAuts
     D:8: 641 daAuts
     D:9: 638 daAuts
     D:7: 602 daAuts
     D:5: 600 daAuts
